 Dungeon Crawl Stone Soup version 0.26-a0-651-gb41185065b (webtiles) character file.

Game seed: 7643981746119857289

1407 Lanoc the Spear-Bearer (level 8, -8/64 HPs)
             Began as a Merfolk Fighter on Oct 14, 2020.
             Was an Initiate of Wu Jian.
             Mangled by an orc warrior
             ... wielding a +0 short sword
              (12 damage)
             ... on level 6 of the Dungeon.
             The game lasted 00:05:57 (5116 turns).

Lanoc the Spear-Bearer (Merfolk Fighter)            Turns: 5116, Time: 00:05:57

Health: -8/64      AC:  5    Str: 15 (17) XL:     8   Next: 70%
Magic:  8/8        EV: 13    Int:  4 (7)  God:    Wu Jian [......]
Gold:   315        SH: 10    Dex: 14 (17) Spells: 7/7 levels left

rFire    . . .     SeeInvis +   u - +6 dagger of Kaefiecw {vorpal, SInv}
rCold    . . .     Faith    .   c - +0 kite shield
rNeg     . . .     Spirit   .   d - +2 leather armour {MR+}
rPois    .         Reflect  .   (no helmet)
rElec    .         Harm     .   (no cloak)
rCorr    .         Rampage  .   (no gloves)
MR       +....                  (no boots)
Stlth    +.........             (no amulet)
HPRegen  0.20/turn              k - +6 ring of dexterity
MPRegen  0.11/turn              m - -4 ring of dexterity (curse)

@: very slightly contaminated, invisible (expiring)
A: change form in water, swift swim, stealthy swim
a: Renounce Religion


You were on level 6 of the Dungeon.
You worshipped Wu Jian.
Wu Jian was noncommittal.
You visited 2 branches of the dungeon, and saw 7 of its levels.

You collected 315 gold pieces.

Inventory:

Hand Weapons
 a - a +0 trident
 u - the +6 dagger of Kaefiecw (weapon) {vorpal, SInv}
   (You found it on level 5 of the Dungeon)

   It inflicts extra damage upon your enemies.
   It lets you see invisible.
Armour
 c - a +0 kite shield (worn)
 d - a +2 leather armour of magic resistance (worn)
Jewellery
 k - a +6 ring of dexterity (left hand)
 m - a cursed -4 ring of dexterity (right hand)
 v - an uncursed ring of see invisible
Wands
 q - a wand of disintegration (14)
 r - a wand of enslavement (1)
Scrolls
 e - 4 scrolls of remove curse {unknown}
 g - 2 scrolls of magic mapping {unknown}
 h - 2 scrolls of random uselessness {unknown}
 l - 2 scrolls of enchant armour {unknown}
 n - a scroll of amnesia {unknown}
 p - a scroll of blinking {unknown}
 s - 2 scrolls of fog {unknown}
 t - a scroll of enchant weapon {unknown}
 x - 4 scrolls of identify
 y - a scroll of fear {unknown}
Potions
 b - 2 potions of flight {unknown}
 f - a potion of curing {unknown}
 i - 2 potions of heal wounds
 j - 2 potions of lignification


   Skills:
 + Level 6.0 Fighting
 * Level 9.8 Polearms
 - Level 2.2 Armour
 + Level 5.8 Dodging
 + Level 5.5 Shields


You had 7 spell levels left.
You didn't know any spells.
Your spell library contained the following spells:

 Spells                   Type           Power        Failure   Level
 Beastly Appendage        Tmut           #.....       94%         1
 Wereblood                Tmut           #.......     98%         2
 Spider Form              Tmut/Pois      #.........   100%        3
 Ice Form                 Ice/Tmut       #.......     100%        4
 Blade Hands              Tmut           #.........   100%        5


Dungeon Overview and Level Annotations

Branches:
Dungeon (6/15)             Temple (1/1) D:5

Altars:
Ashenzari
Dithmenos
Elyvilon
Hepliaklqana
Kikubaaqudgha
Okawaru
Ru
Sif Muna
Trog
Uskayaw
Wu Jian
Xom
Zin
The Shining One


Message History

The gnoll closely misses you. You block the orc warrior's attack.
You hit the orc warrior.
The orc warrior is severely wounded.
The orc warrior hits you with a +0 short sword!!
* * * LOW HITPOINT WARNING * * *
You hit the orc warrior but do no damage.
The orc warrior is severely wounded.
You flicker for a moment.
The gnoll hits you but does no damage. You block the orc warrior's attack.
A gnoll comes into view. It is wielding a +0 halberd.
The gnoll shouts!
You hit the orc warrior but do no damage.
The orc warrior is severely wounded.
You barely miss the orc warrior.
The orc warrior is severely wounded.
The orc warrior hits you but does no damage.
You closely miss the orc warrior.
The orc warrior is severely wounded.
The orc warrior hits you with a +0 short sword!
You die... ##### #...# #####.#.###### #go@.........# #g###..#####.# .gg

#..# #.#
#######..#
#.#
#........#
#.#
#.######.#
#.# #.#
#.#
#.#######
#.######.#
#.......#
#.....##.#
#######.#


You could see an orc warrior and 3 gnolls.

Vanquished Creatures
  A shadow (D:6)
  Edmund (D:4)
  2 ice beasts (D:6)
  2 ogres
  A centaur (D:6)
  Blork the orc (D:6)
  A bullfrog (D:6)
  A scorpion (D:6)
  A bullfrog skeleton (D:6)
  A hound (D:5)
  4 orc priests
  Ijyb (D:4)
  3 orc wizards
  4 worker ants
  A howler monkey skeleton (D:5)
  6 adders
  A shadow imp (D:5)
  An adder zombie (D:6)
  6 worms
  4 leopard geckos
  5 orcs
  7 bats
  5 giant cockroaches
  3 goblins
  7 hobgoblins
  4 jackals
  2 kobolds
  3 quokkas
  A ball python (D:4)
  4 frilled lizards
  3 rats (D:1)
87 creatures vanquished.

Notes
Turn   | Place    | Note
-------+----------+-------------------------------------------
     0 | D:1      | Lanoc the Merfolk Fighter began the quest for the Orb.
     0 | D:1      | Reached XP level 1. HP: 18/18 MP: 1/1
   260 | D:1      | Reached XP level 2. HP: 24/24 MP: 2/2
   497 | D:2      | Reached skill level 4 in Polearms
   497 | D:2      | Reached skill level 1 in Dodging
   497 | D:2      | Reached XP level 3. HP: 21/30 MP: 3/3
   738 | D:2      | Reached XP level 4. HP: 28/37 MP: 4/4
  1250 | D:3      | Reached skill level 5 in Polearms
  1681 | D:4      | Reached XP level 5. HP: 41/42 MP: 5/5
  2371 | D:4      | Noticed Ijyb
  2400 | D:4      | Killed Ijyb
  2400 | D:4      | Reached skill level 6 in Polearms
  2400 | D:4      | Reached XP level 6. HP: 48/49 MP: 6/6
  2415 | D:4      | Noticed Edmund
  2435 | D:4      | Killed Edmund
  2870 | D:5      | Entered Level 5 of the Dungeon
  3048 | D:5      | Reached XP level 7. HP: 55/55 MP: 7/7
  3087 | D:5      | Reached skill level 7 in Polearms
  3187 | D:5      | Found a staircase to the Ecumenical Temple.
  3199 | D:5      | Reached skill level 5 in Fighting
  3210 | Temple   | Entered the Ecumenical Temple
  3489 | Temple   | Became a worshipper of the Wu Jian Council
  3555 | D:5      | Got a smoking dagger
  3556 | D:5      | Identified the +6 dagger of Kaefiecw {vorpal, SInv} (You
                  | found it on level 5 of the Dungeon)
  3807 | D:5      | Found a bloodstained altar of Trog.
  3808 | D:5      | Found a sacrificial altar of Ru.
  3809 | D:5      | Found an iron altar of Okawaru.
  3816 | D:5      | Found a hazy altar of Hepliaklqana.
  3938 | D:6      | Noticed Blork the orc
  3948 | D:6      | Killed Blork the orc
  4055 | D:6      | Reached skill level 8 in Polearms
  4152 | D:6      | Noticed a shadow
  4167 | D:6      | Killed a shadow
  4167 | D:6      | Reached skill level 5 in Dodging
  4167 | D:6      | Reached skill level 5 in Shields
  4167 | D:6      | Reached XP level 8. HP: 50/63 MP: 8/8
  4354 | D:6      | Reached skill level 9 in Polearms
  5111 | D:6      | HP: 3/64 [orc warrior/+0 short sword (18)]
  5116 | D:6      | Mangled by an orc warrior

Illustrated notes

Levels and vault maps discovered:
D:1:      heliophobic_arrival_ceremonial_halls, layout_loops_corners
D:2:      layout_loops_corners, lemuel_doored_altar, overflow_temple_1_default,
          fedhas_altar_4, grunt_decor_clamped, uniq_robin, uniq_jessica,
          uniq_terence
D:3:      layout_rooms
D:4:      layout_basic, uniq_edmund, uniq_ijyb
D:5:      layout_loops_ring, grunt_temple_overflow_open,
          minmay_temple_entry_proselytizer
D:6:      layout_basic, kennysheep_little_box, uniq_blork_the_orc
Temple:   dpeg_chambers_temple

Skill      XL: |  1  2  3  4  5  6  7  8 |
---------------+-------------------------+-----
Polearms       | 4 5 6 8 9 |  9.8
Dodging        | 1 2 3 5 |  5.8
Fighting       | 4 5 6 |  6.0
Shields        | 4 5 |  5.5
Armour         | |  2.2

Action                   |  1- 3 |  4- 6 |  7- 9 || total
-------------------------+-------+-------+-------++-------
Melee: Trident           |    76 |   204 |   169 ||   449
       Dagger            |       |       |    33 ||    33
Invok: Lunge             |       |       |     2 ||     2
  Use: Scroll            |       |     2 |       ||     2
       Potion            |       |     1 |     2 ||     3
 Stab: Sleeping          |       |     1 |       ||     1
Armor: Scale mail        |    24 |    48 |       ||    72
       Leather armour    |       |     3 |    30 ||    33
Dodge: Dodged            |    14 |    50 |    63 ||   127
Block: Kite shield       |    23 |    71 |    64 ||   158

Table legend: (Time is in decaauts)
 A = Elapsed time spent in this place.
 B = Non-inter-level travel time spent in this place.
 C = Inter-level travel time spent in this place.
 D = Time resting spent in this place.
 E = Time spent auto-exploring this place.
 F = Levels seen in this place.
 G = Mean time per level.
                   A        B        C        D        E       F      G
               +--------+--------+--------+--------+--------+-----+--------+
         Total |   5139 |   4963 |    176 |      0 |   4162 |   7 |  734.1 |
       Dungeon |   4832 |   4728 |    104 |      0 |   3930 |   6 |  805.3 |
        Temple |    306 |    234 |     72 |      0 |    232 |   1 |  306.0 |
               +--------+--------+--------+--------+--------+-----+--------+

Top non-repeatable levels by time:
     D:4: 1312 daAuts
     D:6: 1166 daAuts
     D:5: 762 daAuts
     D:3: 555 daAuts
     D:2: 542 daAuts
     D:1: 492 daAuts
  Temple: 306 daAuts
